 Dungeon Crawl Stone Soup version 0.28.0 (webtiles) character file.

Game seed: 9779765794281653844

41105 tilp the Severer (level 14, -6/120 (126) HPs)
             Began as a Hill Orc Fighter on Feb 15, 2022.
             Was a Priest of Ru.
             Mangled by a frost giant (31 damage)
             ... in an ice cave.
             The game lasted 00:26:20 (21029 turns).

tilp the Severer (Hill Orc Fighter)                Turns: 21029, Time: 00:26:21

HP:   -6/120 (126)  AC: 28    Str: 24    XL:     14   Next: 13%
MP:   17/17         EV: 11    Int:  8    God:    Ru [***...]
Gold: 762           SH:  0    Dex: 10    Spells: 17/17 levels left

rFire   . . .      SeeInvis .   a - +2 battleaxe (flame)
rCold   + . .      Faith    +   (shield currently unavailable)
rNeg    . . .      Spirit   .   o - +2 chain mail {rC+}
rPois   .          Reflect  .   J - +1 helmet
rElec   .          Harm     .   G - +2 cloak
rCorr   .          Rampage  .   y - +2 pair of gloves
Will    ++...                   N - +0 pair of boots
Stlth   ..........              m - amulet of faith
HPRegen 0.30/turn               f - ring of willpower
MPRegen 0.15/turn               B - +4 ring of protection

@: mighty, exhausted, studying Armour, lightly drained
A: no stealth, hated by all, no hexes magic, no ice magic, no translocations
magic
a: Renounce Religion, Draw Out Power


You were in an ice cave.
You worshipped Ru.
Ru was most pleased with you.
You visited 3 branches of the dungeon, and saw 17 of its levels.
You visited 1 bazaar.
You also visited: Ice Cave and Volcano.

You collected 2425 gold pieces.
You spent 1663 gold pieces at shops.

Inventory:

Hand Weapons
 a - a +2 battleaxe of flaming (weapon)
 b - a +1 war axe of venom
Missiles
 g - 28 poisoned darts (quivered)
 r - 4 boomerangs of dispersal
 t - 12 javelins
 v - 5 boomerangs
 L - a throwing net
Armour
 c - a +0 buckler
 h - the +1 scale mail of Time Monsters {-Tele Rampage rPois Will++}
   (You found it on level 7 of the Dungeon)

   rPois:     It protects you from poison.
   -Tele:     It prevents most forms of teleportation.
   Rampage:   It bestows one free step when moving towards enemies.
   Will:      It greatly increases your willpower.
 o - a +2 chain mail of cold resistance (worn)
 y - a +2 pair of gloves (worn)
 G - a +2 cloak (worn)
 J - a +1 helmet (worn)
 N - a +0 pair of boots (worn)
 S - a +4 chain mail of fire resistance
Jewellery
 e - an amulet of guardian spirit
 f - a ring of willpower (left hand)
 m - an amulet of faith (around neck)
 s - an amulet of regeneration
 A - a ring of see invisible
 B - a +4 ring of protection (right hand)
 F - a ring of willpower
 Q - a +4 ring of evasion
Wands
 w - a wand of iceblast (15)
 K - a wand of polymorph (13)
 P - a wand of flame (23)
Scrolls
 i - 8 scrolls of teleportation
 j - 2 scrolls of silence
 k - 3 scrolls of identify
 z - 3 scrolls of immolation
 C - 3 scrolls of blinking
 D - 3 scrolls of enchant weapon
 M - a scroll of brand weapon
 O - 3 scrolls of fear
Potions
 d - a potion of might
 l - 2 potions of magic
 n - 3 potions of resistance
 q - 5 potions of curing
 u - a potion of berserk rage
 x - 2 potions of mutation
 E - a potion of heal wounds
 H - 2 potions of cancellation
 I - 2 potions of invisibility
 R - a potion of haste
 T - a potion of flight
 U - a potion of attraction


   Skills:
 + Level 12.0 Fighting
 - Level 20.0 Axes
 + Level 4.1 Throwing
 + Level 10.1 Armour
 + Level 8.0 Dodging
 - Level 6.0 Shields
 - Level 2.0 Spellcasting
 + Level 4.1 Evocations


You had 17 spell levels left.
You didn't know any spells.
Your spell library contained the following spells:

 Spells                   Type           Power      Damage    Failure   Level
 Foxfire                  Conj/Fire      0%         2x1d4     88%         1
 Magic Dart               Conj           0%         1d3       88%         1
 Sublimation of Blood     Necr           0%         N/A       96%         2
 Wereblood                Tmut           0%         N/A       96%         2
 Conjure Flame            Conj/Fire      0%         6-21      99%         3
 Mephitic Cloud           Conj/Pois/Air  0%         N/A       99%         3
 Flame Wave               Conj/Fire      0%         2d4       100%        4
 Agony                    Necr           0%         N/A       100%        5
 Call Imp                 Summ           Unusable   N/A       N/A         2
 Dazzling Flash           Conj/Hex       Unusable   N/A       N/A         3
 Inner Flame              Hex/Fire       Unusable   N/A       N/A         3
 Silence                  Hex/Air        Unusable   N/A       N/A         5
 Summon Hydra             Summ           Unusable   N/A       N/A         7

Dungeon Overview and Level Annotations

Branches:
Dungeon (11/15)            Temple (1/1) D:7            Lair (5/6) D:11
  Swamp (0/4) Lair:2        Snake (0/4) Lair:3          Orc (0/2) D:11
  IceCv (1/1)             Volcano (visited)
  Slime: Lair:5-6

Altars:
Ashenzari
Cheibriados
Dithmenos
Elyvilon
Fedhas
Gozag
Hepliaklqana
Kikubaaqudgha
Makhleb
Nemelex Xobeh
Okawaru
Qazlal
Ru
Sif Muna
Trog
Uskayaw
Vehumet
Wu Jian
Xom
Yredelemnul
Zin
The Shining One

Shops:
D:8 =   D:11 [

Annotations:
Lair:1 exclusion: oklob plant


Innate Abilities, Weirdness & Mutations

You cannot be stealthy.
You are hated by all.
You cannot study or cast Hexes magic.
You cannot study or cast Ice magic.
You cannot study or cast Translocations magic.


Message History

The frost giant freezes you.
You focus your inner power and illuminate the frost giant in retribution!
The death yak is stunned by your conviction and fails to attack.
Unknown command.
You are too injured to fight recklessly!
Unknown command.
You are too injured to fight recklessly!
Unknown command.
You slice the frost giant!! You burn the frost giant.
The frost giant is moderately wounded.
You hit the death yak. You burn the death yak.
The frost giant casts a spell at you. The bolt of cold hits you!! You resist.
* * * LOW HITPOINT WARNING * * *
Unknown command.
You hit the frost giant. You burn the frost giant.
The frost giant is moderately wounded.
You barely miss the death yak. The death yak barely misses you.
The yak snorts and paws the ground.
Unknown command.
You hit the frost giant but do no damage.
The frost giant is moderately wounded.
You slash the death yak! You burn the death yak.
The frost giant hits you with a +0 battleaxe of freezing!
* * * LOW HITPOINT WARNING * * *
The frost giant freezes you.
* * * LOW HITPOINT WARNING * * *
The death yak gores you but does no damage.
You chop the frost giant into pieces!!! You burn the frost giant!
The frost giant is almost dead.
You barely miss the death yak.
The frost giant hits you with a +0 battleaxe of freezing!!
* * * LOW HITPOINT WARNING * * *
The frost giant freezes you.
* * * LOW HITPOINT WARNING * * *
Okay, then.
You are restored by drawing out deep reserves of power within.
You feel drained. The death yak completely misses you.
The frost giant hits you with a +0 battleaxe of freezing!!
You die... ...## .### ## # # h. ### ###### YC.

..#### ###..@C### ....
#....#######....#YhY###
...Y.
####..†.#.....####Y...#..h#
##......#### ####...#
######## #####


You could see a frost giant (corona), a death yak, a polar bear and 2 yaks.

Vanquished Creatures
  3 hydras
  3 boulder beetles
  3 death yaks (IceCv)
  4 two-headed ogres
  2 skeletal warriors (Volcano)
  4 anaconda skeletons (Volcano)
  A cyclops (D:11)
  3 elephants (Lair:5)
  An ice statue (IceCv)
  Joseph (D:7)
  2 black mambas
  12 cane toads
  5 gargoyles (Volcano)
  5 komodo dragons
  9 rime drakes
  An unseen horror (D:11)
  4 polar bears
  A merfolk (D:9)
  3 trolls (D:11)
  A hornet (D:10)
  7 dream sheep (Lair:3)
  13 blink frogs
  Sigmund (D:6)
  An alligator skeleton (Volcano)
  2 flying skulls (Volcano)
  3 wyverns
  49 yaks
  A wraith (D:11)
  2 basilisks
  2 steam dragons
  A naga (Lair:3)
  7 water moccasins
  4 orc warriors
  A sky beast (D:5)
  2 black bears
  2 necrophages
  An ogre (D:5)
  12 wolves
  2 centaurs (D:8)
  A phantom (D:7)
  2 kobold brigands (D:7)
  8 bullfrogs
  A scorpion (D:6)
  6 killer bees (D:10)
  4 wights (D:8)
  An electric eel (Lair:4)
  A howler monkey (D:4)
  2 spriggan skeletons (Volcano)
  A troll skeleton (Volcano)
  A bullfrog zombie (D:6)
  3 centaur zombies
  5 hounds
  2 bullfrog skeletons
  7 orc priests
  2 centaur skeletons
  2 jellies
  3 iguanas
  Ijyb (D:4)
  13 orc wizards
  3 naga skeletons (Volcano)
  A hound zombie (D:5)
  2 hound skeletons
  A howler monkey zombie (D:9)
  A gnoll (D:1)
  9 adders
  A shadow imp (D:8)
  4 white imps
  2 ufetubi (D:5)
  An adder skeleton (D:4)
  2 worms
  3 dart slugs
  60 orcs
  4 ball pythons
  6 bats
  6 endoplasms
  4 giant cockroaches
  8 goblins
  7 hobgoblins
  3 jackals (D:5)
  14 kobolds
  5 quokkas
  5 rats
  A spectral orc (D:7)
  A bush (Lair:5)
401 creatures vanquished.

Vanquished Creatures (others)
  A rime drake (IceCv)
  20 fungi
  21 plants
  5 toadstools (D:5)
47 creatures vanquished.

Grand Total: 448 creatures vanquished

Notes
Turn   | Place    | Note
-------+----------+-------------------------------------------
     0 | D:1      | tilp the Hill Orc Fighter began the quest for the Orb.
     0 | D:1      | Reached XP level 1. HP: 19/19 MP: 1/1
    78 | D:1      | Reached skill level 3 in Axes
   118 | D:1      | Reached XP level 2. HP: 16/27 MP: 2/2
   460 | D:1      | Reached skill level 4 in Axes
   468 | D:1      | Reached XP level 3. HP: 30/33 MP: 1/3
   879 | D:2      | Reached skill level 5 in Axes
  1307 | D:2      | Reached XP level 4. HP: 40/40 MP: 4/4
  1359 | D:2      | Found a faded altar of an unknown god.
  1668 | D:3      | Noticed a water moccasin
  1685 | D:3      | Killed a water moccasin
  1686 | D:3      | Reached skill level 6 in Axes
  1686 | D:3      | Reached XP level 5. HP: 18/46 MP: 3/5
  2376 | D:3      | Reached XP level 6. HP: 51/52 MP: 4/6
  2818 | D:4      | Noticed Ijyb
  2819 | D:4      | Noticed a black bear
  2825 | D:4      | Killed Ijyb
  2826 | D:4      | Reached skill level 1 in Throwing
  2827 | D:4      | Killed a black bear
  2828 | D:4      | Reached skill level 1 in Dodging
  2828 | D:4      | Reached skill level 1 in Stealth
  3000 | D:4      | Reached skill level 7 in Axes
  3162 | D:4      | Reached XP level 7. HP: 55/60 MP: 7/7
  3630 | D:5      | Entered Level 5 of the Dungeon
  3683 | D:5      | Reached skill level 5 in Fighting
  3963 | D:5      | Reached skill level 8 in Axes
  4158 | D:5      | Reached XP level 8. HP: 69/69 MP: 8/8
  4392 | D:5      | Reached skill level 9 in Axes
  5252 | D:6      | Reached skill level 10 in Axes
  5767 | D:6      | Noticed Sigmund
  5778 | D:6      | Killed Sigmund
  5779 | D:6      | Reached skill level 1 in Spellcasting
  5779 | D:6      | Reached XP level 9. HP: 76/77 MP: 7/10
  6170 | D:7      | Noticed a boulder beetle
  6548 | D:7      | Killed a boulder beetle
  6549 | D:7      | Reached skill level 11 in Axes
  6549 | D:7      | Reached skill level 5 in Armour
  6867 | D:7      | Identified the +1 scale mail of Time Monsters {-Tele
                  | Rampage rPois Will++}
  7012 | D:7      | Found a staircase to the Ecumenical Temple.
  7124 | D:7      | Noticed Joseph
  7133 | D:7      | Killed Joseph
  7324 | D:7      | Found a hazy altar of Hepliaklqana.
  7349 | D:7      | Reached XP level 10. HP: 81/86 MP: 11/13
  7527 | D:7      | Identified a scroll of acquirement
  7527 | D:7      | Acquired 976 gold pieces
  7758 | D:8      | Reached skill level 12 in Axes
  8275 | D:8      | Reached skill level 13 in Axes
  8358 | D:8      | Found Yforaq's Jewellery Shop.
  8563 | Temple   | Entered the Ecumenical Temple
  8776 | Temple   | Became a worshipper of Ru the Awakened
  9976 | D:10     | Entered Level 10 of the Dungeon
  9987 | D:10     | Reached skill level 14 in Axes
  9987 | D:10     | Reached XP level 11. HP: 57/97 MP: 8/14
  9990 | D:10     | Gained mutation: You are hated by all. [Ru sacrifice]
  9990 | D:10     | Reached * piety under Ru
  9990 | D:10     | Reached ** piety under Ru
 10336 | D:10     | Noticed a two-headed ogre
 10344 | D:10     | Killed a two-headed ogre
 11171 | D:11     | Noticed a two-headed ogre
 11196 | D:11     | Killed a two-headed ogre
 11197 | D:11     | Reached skill level 15 in Axes
 11322 | D:11     | Noticed a cyclops
 11330 | D:11     | Killed a cyclops
 11331 | D:11     | Reached skill level 10 in Fighting
 11473 | D:11     | Found a flickering gateway to a bazaar.
 11491 | Bazaar   | Entered a bazaar
 11521 | Bazaar   | Found Situbomu's Distillery.
 11578 | Bazaar   | Found Manesh's Assorted Antiques.
 11615 | Bazaar   | Found Qeat's Book Emporium.
 11633 | Bazaar   | Found Xashoroh's Armour Shoppe.
 11659 | Bazaar   | Bought a manual of Armour for 1040 gold pieces
 11683 | Bazaar   | Bought a scroll of enchant armour for 180 gold pieces
 11725 | Bazaar   | Bought a potion of cancellation for 88 gold pieces
 11725 | Bazaar   | Bought a potion of resistance for 110 gold pieces
 11725 | Bazaar   | Bought a potion of mutation for 88 gold pieces
 11725 | Bazaar   | Bought a potion of invisibility for 88 gold pieces
 11725 | Bazaar   | Bought a potion of degeneration for 11 gold pieces
 11803 | D:11     | Found Urumyawy's Armour Emporium.
 11826 | D:11     | Bought a +0 helmet for 58 gold pieces
 11955 | D:11     | Found a staircase to the Lair.
 12049 | D:11     | Found a staircase to the Orcish Mines.
 12202 | D:11     | Noticed a two-headed ogre
 12212 | D:11     | Killed a two-headed ogre
 12213 | D:11     | Reached skill level 16 in Axes
 12465 | D:11     | Noticed a two-headed ogre
 12471 | D:11     | Killed a two-headed ogre
 12472 | D:11     | Reached skill level 1 in Evocations
 12879 | Lair:1   | Entered Level 1 of the Lair of Beasts
 12879 | Lair:1   | Noticed a five-headed hydra
 12926 | D:11     | Killed a five-headed hydra
 13469 | Lair:1   | Reached skill level 5 in Shields
 13469 | Lair:1   | Reached XP level 12. HP: 16/107 MP: 15/15
 13888 | D:11     | Reached skill level 5 in Stealth
 14262 | Lair:1   | Noticed an eight-headed hydra
 14274 | Lair:1   | Killed an eight-headed hydra
 14275 | Lair:1   | Reached skill level 5 in Dodging
 15120 | Lair:1   | Found a radiant altar of Vehumet.
 15926 | Lair:2   | You fall into a shaft and drop 2 floors!
 15955 | Lair:4   | Noticed a boulder beetle
 15976 | Lair:4   | Killed a boulder beetle
 16184 | Lair:4   | Found a radiant altar of Vehumet.
 16378 | Lair:4   | Found a dark tunnel.
 16383 | Volcano  | Entered a volcano
 16481 | Volcano  | Reached skill level 10 in Armour
 16746 | Volcano  | Reached XP level 13. HP: 99/118 MP: 16/16
 18460 | Lair:3   | Reached skill level 17 in Axes
 18668 | Lair:3   | Found a staircase to the Snake Pit.
 18761 | Lair:3   | Gained mutation: You cannot study or cast Ice magic. [Ru
                  | sacrifice]
 18761 | Lair:3   | Gained mutation: You cannot study or cast Hexes magic. [Ru
                  | sacrifice]
 18761 | Lair:3   | Gained mutation: You cannot study or cast Translocations
                  | magic. [Ru sacrifice]
 18862 | Lair:2   | Found a staircase to the Swamp.
 20295 | Lair:5   | Reached skill level 18 in Axes
 20404 | Lair:5   | Found a frozen archway.
 20427 | IceCv    | Entered an ice cave
 20448 | IceCv    | Reached skill level 19 in Axes
 20520 | IceCv    | Gained mutation: You cannot be stealthy. [Ru sacrifice]
 20520 | IceCv    | Reached *** piety under Ru
 20723 | IceCv    | Reached XP level 14. HP: 109/126 MP: 17/17
 20970 | IceCv    | Reached skill level 20 in Axes
 21010 | IceCv    | Noticed a frost giant
 21028 | IceCv    | HP: 5/126 [frost giant (3)]
 21029 | IceCv    | Mangled by a frost giant

Illustrated notes

Levels and vault maps discovered:
D:1:      dpeg_arrival_lava_altar, layout_rooms, minmay_close_crescents
D:2:      minmay_inner_zag, layout_basic, dilly_ecumenical_altar_fadedgnrine
D:3:      layout_loops_ring, grunt_ministairs_14, minmay_mini_jars
D:4:      layout_basic, feat_on_display, uniq_ijyb
D:5:      layout_layer_cave, minmay_gold_behind_fungi
D:6:      layout_basic, uniq_sigmund
D:7:      layout_basic, nicolae_hepliaklqana_monster_ancestors,
          minmay_temple_entry_statues_fountains, uniq_joseph
D:8:      layout_rooms, serial_shops, shop
D:9:      layout_grid_maze, minmay_misc_feat_alley, hangedman_fish_farm
D:10:     layout_long_grid, patterned_corridor
D:11:     layout_roguey, lair_entry_dummy, hiddenorc2_lemuel, serial_shops,
          bzr_entry_customers, shop_coins
Temple:   mainiacjoe_temple_hex_bubbles
Lair:1:   minmay_lair_oklob_chamber, layout_small_grid, basic_altar,
          lemuel_fruit_tree
Lair:2:   layout_roguey, swamp_mist_pool
Lair:3:   layout_small_grid, guppyfry_snake_entry_garden
Lair:4:   layout_regular_city, basic_altar, nicolae_volcano_entry_s_turn,
          serial_bayou_ford_a, chequers_serial_rivers_micro_b, st_stairs_8,
          infiniplex_staircase_pool_2, serial_bayou_shore_a
Lair:5:   layout_loops_ring, portal_ice_cave_entry_pillars_1
IceCv:    ice_cave_small_giant

Skill      XL: |  1  2  3  4  5  6  7  8  9 10 11 12 13 14 |
---------------+-------------------------------------------+-----
Axes           | 3 4 5 6 7 8 10 11 14 16 19 20 | 20.0
Fighting       | 4 5 6 7 9 10 12 | 12.0
Throwing       | 1 2 3 4 |  4.1
Dodging        | 1 2 3 4 6 8 |  8.0
Stealth        | 1 2 3 4 6 0 |  0.0
Armour         | 4 5 6 7 10 | 10.1
Shields        | 4 5 6 |  6.0
Spellcasting   | 1 2 |  2.0
Evocations     | 2 4 |  4.1

Action                   |  1- 3 |  4- 6 |  7- 9 | 10-12 | 13-15 || total
-------------------------+-------+-------+-------+-------+-------++-------
Melee: War axe           |    64 |    89 |   245 |   615 |    76 ||  1089
       Morningstar       |       |       |       |    11 |       ||    11
       Battleaxe         |       |       |       |       |   245 ||   245
Throw: Dart              |       |     2 |       |    15 |     4 ||    21
Invok: Sacrifice Love    |       |       |       |     1 |       ||     1
       Reject Sacrifices |       |       |       |     1 |       ||     1
       Sacrifice Stealth |       |       |       |       |     1 ||     1
       Sacrifice Arcana  |       |       |       |       |     1 ||     1
       Draw Out Power    |       |       |       |       |     1 ||     1
Evoke: Wand              |       |       |     1 |     2 |     1 ||     4
  Use: Scroll            |     7 |     7 |     4 |     9 |     4 ||    31
       Potion            |       |     2 |       |     5 |     2 ||     9
 Stab: Distracted        |       |       |       |     1 |     1 ||     2
       Invisible         |       |       |       |       |     3 ||     3
Armor: Scale mail        |    29 |       |       |       |       ||    29
       Chain mail        |       |    40 |   130 |   310 |   171 ||   651
       Skin              |       |       |       |    10 |       ||    10
Dodge: Dodged            |    16 |    32 |    89 |   205 |   121 ||   463
Block: Buckler           |    14 |    18 |    50 |    99 |     2 ||   183
